 Dungeon Crawl Stone Soup version 0.30-a0-42-g806c11bf1d (webtiles) character file.

Game seed: 10947712465137010016

428 kae the Firebug (level 6, 0/48 HPs)
             Began as a Demigod Fire Elementalist on Aug 30, 2022.
             Slain by a phantom (4 damage)
             ... on level 5 of the Dungeon.
             The game lasted 00:03:13 (4110 turns).

kae the Firebug (Demigod Fire Elementalist)         Turns: 4110, Time: 00:03:13

Health: 0/48       AC:  4    Str:  9    XL:     6   Next: 38%
Magic:  6/13       EV: 12    Int: 25    God:
Gold:   137        SH:  0    Dex: 14    Spells: 1/10 levels left

rFire   . . .      SeeInvis .    (no weapon)
rCold   . . .      Faith    .    (no shield)
rNeg    . . .      Spirit   .    a - +0 robe
rPois   +          Reflect  .    (no helmet)
rElec   .          Harm     .    (no cloak)
rCorr   .          Rampage  .    (no gloves)
Will    .....                    d - +1 pair of boots
Stlth   ++........               (no amulet)
HPRegen 0.16/turn                P - ring of poison resistance
MPRegen 0.13/turn                (no ring)

@: weak-willed
A: high MP 1, forlorn, divine attributes
a: no special abilities


You were on level 5 of the Dungeon.
You visited 1 branch of the dungeon, and saw 5 of its levels.

You collected 137 gold pieces.


Innate Abilities, Weirdness & Mutations

You have an increased reservoir of magic. (+10% MP)
You shall have no god before yourself.
Your divine heritage dramatically boosts your attributes as you level up.


   Skills:
 + Level 1.9 Fighting
 + Level 2.8 Dodging
 - Level 1.7 Stealth
 + Level 2.7 Spellcasting
 * Level 3.3 Conjurations
 * Level 4.4 Fire Magic


You had one spell level left.
You knew the following spells:

 Your Spells              Type           Power      Damage    Failure   Level
a - Foxfire               Conj/Fire      88%        2x1d8     1%          1
b - Scorch                Fire           50%        2d7       2%          2
c - Conjure Flame         Conj/Fire      22%        6-21      6%          3
d - Inner Flame           Hex/Fire       14%        N/A       12%         3

Your spell library contained the following spells:

 Spells                   Type           Power      Damage    Failure   Level
 Apportation              Tloc           6%         N/A       11%         1
 Freeze                   Ice            12%        1d4       11%         1
 Sting                    Tmut/Pois      12%        1d3       11%         1
 Poisonous Vapours        Pois/Air       6%         N/A       16%         2
 Flame Wave               Conj/Fire      22%        2d8       21%         4
 Frozen Ramparts          Ice            6%         1d1       30%         3
 Gell's Gravitas          Tloc           3%         N/A       30%         3
 Lesser Beckoning         Tloc           3%         N/A       30%         3
 Portal Projectile        Hex/Tloc       6%         N/A       30%         3
 Teleport Other           Tloc           3%         N/A       30%         3
 Tukima's Dance           Hex            3%         N/A       30%         3
 Hailstorm                Conj/Ice       11%        3d5       45%         4
 Olgreb's Toxic Radiance  Pois           3%         N/A       71%         4
 Alistair's Intoxication  Tmut/Pois      2%         N/A       96%         5
 Blade Hands              Tmut           1%         N/A       96%         5

Inventory:

Missiles
 g - 31 stones
 j - 6 javelins
Armour
 a - a +0 robe (worn)
 d - a +1 pair of boots (worn)
   (You found it on level 1 of the Dungeon)
Magical Staves
 e - a staff of cold {!a}
   (You found it on level 1 of the Dungeon)
Jewellery
 P - a ring of poison resistance (left hand)
   (You found it on level 2 of the Dungeon)
Scrolls
 c - a scroll of amnesia
 m - a scroll of poison
 s - a scroll of identify {@r1}
Potions
 h - 3 potions of cancellation {unknown}
 i - a potion of curing {unknown}
 l - 3 potions of haste {unknown}
 n - a potion of invisibility {unknown}
 p - a potion of flight {unknown}
 q - a potion of brilliance {unknown}
 r - a potion of berserk rage {unknown}

Dungeon Overview and Level Annotations

Branches:
Dungeon (5/15) Zot: 25889
 Temple: D:4-7

Annotations:
D:2 Sigmund, Terence
D:5 Menkaure

###
############....
#.......@..ll...
.####.WOh.)...#
#......?######
#####.†..####
#......#####
#....#### .. ##
........ .# #.#
...#...# .....
## #.###.#.#


You could see an ogre (weak-willed, combustible), a phantom (weak-willed), 2
iguanas and a hound (weak-willed).


Message History

The orc hits you but does no damage. The gnoll completely misses you.
The gnoll bouda gazes fiercely through you!
You feel your attacks grow feeble. The iguana misses you. 😱 HP[-11] MP[-4]
You take 11 damage, and now have 11/48 hp.
MASSIVE DAMAGE!! (PAUSE)
You lost 4 mp, and now have 0/13 mp.
As you read the scroll of teleportation {@r4}, it crumbles to dust.
You feel strangely unstable. The gnoll barely misses you.
The gnoll closely misses you.
The gnoll bouda barks out a call to the hunt!
The gnolls pick up the pace!
The orc misses you. The iguana barely misses you.
You feel much better. The iguana bites you. The orc barely misses you.
The gnoll hits you from afar with a +0 spear. 😮 HP[+14]
You regained 14 hp, and now have 25/48 hp.
Really attack while wielding nothing?
Okay, then.
The gnoll hits you from afar with a +0 spear.
* * * LOW HITPOINT WARNING * * *
The gnoll barely misses you. The orc hits you with a +0 club.
* * * LOW HITPOINT WARNING * * *
The iguana bites you!
* * * LOW HITPOINT WARNING * * *
😱 HP[-14]
You take 14 damage, and now have 11/48 hp.
MASSIVE DAMAGE!! (PAUSE)
Your surroundings suddenly seem different.
An iguana comes into view. 😱 MP[+1] Magic courses through your body.
The iguana misses you. 😱 MP[+12]
Your mp is fully restored (13).
Casting: Scorch (safe; 2% risk of failure)
Confirm with . or Enter, or press ? or * to list all spells.
Flames lash the iguana.
The iguana's fire resistance burns away.
The iguana bites you.
* * * LOW HITPOINT WARNING * * *
Your attacks no longer feel as feeble.
The iguana bites you but does no damage. 😱 HP[-4] MP[-2]
You take 4 damage, and now have 7/48 hp.
You lost 2 mp, and now have 11/13 mp.
Unknown command.
Casting: Scorch (safe; 2% risk of failure)
Confirm with . or Enter, or press ? or * to list all spells.
Flames lash the iguana.
The iguana is burned terribly!
You kill the iguana! 😱 HP[+1] MP[-2]
You lost 2 mp, and now have 9/13 mp.
Unknown command.
Okay, then.
You aren't carrying any items that you can evoke.
Unknown command.
Okay, then.
Casting: Scorch (safe; 2% risk of failure)
Confirm with . or Enter, or press ? or * to list all spells.
You conjure some foxfire!
The foxfire hits the ogre. x2 😱 MP[-1]
You lost 1 mp, and now have 8/13 mp. 😱 MP[+1]
A hound and an iguana come into view.
The hound barks!
As you read the scroll labelled DADOIH YSACIRU, it crumbles to dust.
Your body is wracked with pain!
* * * LOW HITPOINT WARNING * * *
The hound convulses!
The iguana convulses!
The iguana hisses angrily.
The ogre convulses!
It was a scroll of torment. 😱 HP[-2]
You take 2 damage, and now have 6/48 hp.
As you read the scroll labelled GELESEB LIDOUPS, it crumbles to dust.
Magic quickly surges around you.
It was a scroll of vulnerability.
An iguana comes into view.
Unknown command.
Okay, then.
Casting: Foxfire (safe; 1% risk of failure)
Confirm with . or Enter, or press ? or * to list all spells.
You conjure some foxfire!
The iguana hisses angrily.
The phantom hits you.
* * * LOW HITPOINT WARNING * * *
The phantom blinks!
You blink.
The foxfire hits the ogre but does no damage.
The foxfire hits the hound.
The hound closely misses you.
The iguana hisses menacingly.
The phantom barely misses you. The hound closely misses you.
Casting: Foxfire (safe; 1% risk of failure)
Confirm with . or Enter, or press ? or * to list all spells.
Flames lash the ogre.
The ogre's fire resistance burns away.
The hound stops to sniff the ground.
The hound bites you.
* * * LOW HITPOINT WARNING * * *
The phantom hits you.
You die...

Skill      XL: |  1  2  3  4  5 |
---------------+----------------+-----
Conjurations   | 1 2 3 |  3.3
Fire Magic     | 3 4 |  4.4
Spellcasting   | 2 |  2.7
Dodging        | 2 |  2.8
Fighting       | 1 |  1.9
Stealth        | |  1.7

Action                   |  1- 3 |  4- 6 || total
-------------------------+-------+-------++-------
 Cast: Foxfire           |    80 |    79 ||   159
       Scorch            |    10 |    14 ||    24
  Use: Scroll            |     7 |     4 ||    11
       Potion            |       |     2 ||     2
Armor: Robe              |     6 |    11 ||    17
Dodge: Dodged            |    11 |    48 ||    59

Levels and vault maps discovered:
D:1:      minmay_arrival_checkered_box, layout_basic, kennysheep_small_spiral,
          eino_curves_02, minmay_3d_cube
D:2:      layout_loops_ring, basic_altar, minmay_quadrilaterals, uniq_sigmund,
          uniq_robin, uniq_terence
D:3:      layout_loops_ring, mainiacjoe_overflow_alcove_4, xom_teletrap_fun,
          mainiacjoe_overflow_large_starburst, shapermc_ecumenical_altar_venn
D:4:      layout_basic, general_overflow_altar, lemuel_coloured_pillars_altar
D:5:      layout_rooms, nzn_wu_jian_council_hall, st_stairs_10,
          amcnicky_mini_pool_small, uniq_menkaure

Notes
Turn   | Place    | Note
-------+----------+-------------------------------------------
     0 | D:1      | kae the Demigod Fire Elementalist began the quest for the
                  | Orb.
     0 | D:1      | Reached XP level 1. HP: 14/14 MP: 5/5
     0 | D:1      | magus.rc [v1.11.3]
    85 | D:1      | Reached skill level 1 in Conjurations
   124 | D:1      | You pick up a book of Frost and begin reading...
   124 | D:1      | You add the spells Freeze, Frozen Ramparts and Hailstorm to
                  | your library.
   356 | D:1      | Reached XP level 2. HP: 20/20 MP: 5/7
   428 | D:1      | Learned a level 2 spell: Scorch
   506 | D:1      | Reached skill level 3 in Fire Magic
   715 | D:2      | Reached skill level 2 in Spellcasting
   823 | D:2      | Reached skill level 2 in Dodging
   869 | D:2      | Noticed Terence
  1050 | D:2      | Reached XP level 3. HP: 27/27 MP: 4/8
  1054 | D:2      | Learned a level 3 spell: Conjure Flame
  1157 | D:2      | You add the spells Sting, Poisonous Vapours and Olgreb's
                  | Toxic Radiance to your library.
  1168 | D:2      | Noticed Robin
  1177 | D:2      | Killed Robin
  1601 | D:2      | Reached skill level 2 in Conjurations
  1822 | D:2      | Noticed Sigmund
  2141 | D:3      | Reached XP level 4. HP: 34/34 MP: 6/9
  2154 | D:3      | You pick up a book of Displacement and begin reading...
  2154 | D:3      | You add the spells Lesser Beckoning, Gell's Gravitas and
                  | Teleport Other to your library.
  2266 | D:3      | Reached skill level 1 in Fighting
  2762 | D:3      | You pick up a book of Weapons and begin reading...
  2762 | D:3      | You add the spells Tukima's Dance, Portal Projectile and
                  | Blade Hands to your library.
  3271 | D:4      | Reached XP level 5. HP: 40/40 MP: 7/11
  3323 | D:4      | Noticed a water moccasin
  3333 | D:4      | Killed a water moccasin
  3334 | D:4      | Reached skill level 4 in Fire Magic
  3783 | D:4      | You pick up a book of Party Tricks and begin reading...
  3783 | D:4      | You add the spells Apportation and Alistair's Intoxication
                  | to your library.
  3813 | D:4      | Noticed a black bear
  3822 | D:4      | Killed a black bear
  3823 | D:4      | Reached skill level 3 in Conjurations
  3823 | D:4      | Reached XP level 6. HP: 34/48 MP: 7/13
  4051 | D:5      | Entered Level 5 of the Dungeon
  4056 | D:5      | Learned a level 3 spell: Inner Flame
  4060 | D:5      | Noticed Menkaure
  4089 | D:5      | HP: 12/48 [orc/+0 flail (3)]
  4094 | D:5      | HP: 11/48 [iguana (10)]
  4106 | D:5      | HP: 5/48 [/a scroll of torment (3)]
  4110 | D:5      | Slain by a phantom

Vanquished Creatures
  A water moccasin (D:4)
  A black bear (D:4)
  A hound (D:4)
  An iguana (D:5)
  Robin (D:2)
  A gnoll (D:5)
  5 adders
  A white imp (D:4)
  2 worms
  5 dart slugs
  9 orcs
  5 endoplasms
  3 giant cockroaches
  15 goblins
  9 hobgoblins
  3 kobolds
  4 quokkas
  6 ball pythons
  4 frilled lizards (D:2)
  8 rats
85 creatures vanquished.

Vanquished Creatures (others)
  268 foxfires
268 creatures vanquished.

Grand Total: 353 creatures vanquished

Table legend:
 A = Non-vault XP
 B = Vault XP
 C = Vault XP percentage of total XP
 D = Non-vault monster count
 E = Vault monster count
 F = Vault count percentage of total count
                 A         B        C        D         E       F
            +---------+---------+-------+---------+---------+-------
      Total |     551 |      61 |  10.0 |      67 |      18 |  21.2
            +---------+---------+-------+---------+---------+-------
        D:1 |      18 |       8 |  30.8 |       9 |       3 |  25.0
        D:2 |      39 |      48 |  55.2 |      19 |      13 |  40.6
        D:3 |      49 |       0 |   0.0 |      18 |       0 |   0.0
        D:4 |     380 |       0 |   0.0 |      15 |       0 |   0.0
        D:5 |      65 |       5 |   7.1 |       6 |       2 |  25.0
            +---------+---------+-------+---------+---------+-------

Illustrated notes

Table legend:
 A = Kills in this place as a percentage of kills in entire the game.
 B = Kills by you in this place as a percentage of kills by you in the entire game.
 C = Kills by friends in this place as a percentage of kills by friends in the entire game.
 D = Other kills in this place as a percentage of other kills in the entire game.
 E = Experience gained in this place as a percentage of experience gained in the entire game.
 F = Experience gained in this place divided by the number of levels of this place that you have seen.
                   A       B       C       D       E      F
               +-------+-------+-------+-------+-------+----------------------
         Total | 100.0 | 100.0 |   N/A |   N/A | 100.0 | 122.4
       Dungeon | 100.0 | 100.0 |   N/A |   N/A | 100.0 | 122.4
               +-------+-------+-------+-------+-------+----------------------

Table legend: (Time is in decaauts)
 A = Elapsed time spent in this place.
 B = Non-inter-level travel time spent in this place.
 C = Inter-level travel time spent in this place.
 D = Time resting spent in this place.
 E = Time spent auto-exploring this place.
 F = Levels seen in this place.
 G = Mean time per level.
                   A        B        C        D        E       F      G
               +--------+--------+--------+--------+--------+-----+--------+
         Total |   4109 |   3966 |    143 |     28 |   3360 |   5 |  821.8 |
       Dungeon |   4109 |   3966 |    143 |     28 |   3360 |   5 |  821.8 |
               +--------+--------+--------+--------+--------+-----+--------+

Top non-repeatable levels by time:
     D:2: 1404 daAuts
     D:4: 1057 daAuts
     D:3: 875 daAuts
     D:1: 713 daAuts
     D:5: 58 daAuts
